 Dungeon Crawl Stone Soup version 0.20-a0-1008-g0de3dc5 (webtiles) character file.

39 inmateoo the Ruffian (level 3, 0/28 HPs)
             Began as a Draconian Transmuter on Apr 14, 2017.
             Succumbed to an adder's poison
             ... on level 2 of the Dungeon.
             The game lasted 00:03:28 (1480 turns).

inmateoo the Ruffian (Draconian Transmuter)         Turns: 1480, Time: 00:03:29

Health: 0/28       AC:  7    Str: 18    XL:     3   Next: 26%
Magic:  6/6        EV: 12    Int: 13    God:
Gold:   3          SH:  0    Dex: 11    Spells: 3/6 levels left

rFire    . . .     SeeInvis .     - Unarmed
rCold    . . .     Gourm    .   (no shield)
rNeg     . . .     Faith    .   (armour unavailable)
rPois    .         Spirit   .   (helmet restricted)
rElec    .         Reflect  .   h - +1 cloak
rCorr    .         Harm     .   (no gloves)
MR       .....                  (no boots)
Stlth    +.........             (no amulet)
Regen    0.1/turn               (no ring)
MPRegen  0.1/turn               (no ring)

@: mighty, lethally poisoned (0 -> -1)
A: unfitting armour, cold-blooded, AC +5
a: no special abilities


You were on level 2 of the Dungeon.
You were not hungry.

You visited 1 branch of the dungeon, and saw 2 of its levels.

You collected 3 gold pieces.

Inventory:

Hand Weapons
 e - a +1 antimagic dagger
Missiles
 a - 9 arrows
Armour
 h - a +1 cloak (worn)
Books
 b - a book of Changes

   Spells                             Type                      Level
   a - Beastly Appendage              Transmutation                1
   b - Sticks to Snakes               Transmutation                2
   c - Spider Form                    Transmutation/Poison         3
   d - Ice Form                       Ice/Transmutation            4
   e - Blade Hands                    Transmutation                5
Comestibles
 c - 3 bread rations
 d - a meat ration


   Skills:
 + Level 1.4 Fighting
 + Level 2.1 Dodging
 * Level 3.6 Unarmed Combat
 + Level 2.2 Spellcasting
 + Level 2.2 Transmutations


You had 3 spell levels left.
You knew the following spells:

 Your Spells              Type           Power        Failure   Level  Hunger
a - Beastly Appendage     Tmut           #.....       12%         1    ##.....
b - Sticks to Snakes      Tmut           #.......     17%         2    ###....


Dungeon Overview and Level Annotations

Branches:
Dungeon (2/15)

Altars:


Innate Abilities, Weirdness & Mutations

Your plain brown scales are hard. (AC +5)
You cannot fit into any form of body armour.
You are cold-blooded and may be slowed by cold attacks.


Message History

You feel sick.
Found a scroll labeled AVAUDDIULA.
You see here a meat ration.
d - a meat ration
* * * LOW HITPOINT WARNING * * *
You feel sick.
Found 18 stones.
* * * LOW HITPOINT WARNING * * *
You feel sick.
You see here a scroll labeled AVAUDDIULA.
f - a scroll labeled AVAUDDIULA
As you read the scroll labeled AVAUDDIULA, it crumbles to dust.
You feel as if something is helping you.
It was a scroll of remove curse.
Drop what? 7/52 slots (_ for help) (? for menu, Esc to quit)
You are now empty-handed.
You drop a -3 mace.
Unknown command.
* * * LOW HITPOINT WARNING * * *
You feel sick.
You die...

#### ...# ...# #####
#######...# ....#
#.....@..(# ....#
#..).....## ....#
###........# ....#
#>............ ....#
#.#........### ....#
#.#........#
....#####.##########
..........#
.........†#######


There were no monsters in sight!

Vanquished Creatures
  An adder (D:2)
  A dart slug (D:2)
  A leopard gecko (D:1)
  4 giant cockroaches
  3 goblins
  2 hobgoblins (D:1)
  4 bats
  A frilled lizard (D:1)
  2 rats
19 creatures vanquished.

Vanquished Creatures (collateral kills)
  An adder (D:2)
  2 bats (D:2)
3 creatures vanquished.

Grand Total: 22 creatures vanquished

Notes
Turn   | Place    | Note
-------+----------+-------------------------------------------
     0 | D:1      | inmateoo the Draconian Transmuter began the quest for the Orb.
     0 | D:1      | Reached XP level 1. HP: 16/16 MP: 3/3
   380 | D:1      | Reached XP level 2. HP: 2/23 MP: 5/5
   812 | D:1      | Learned a level 2 spell: Sticks to Snakes
  1385 | D:2      | Reached XP level 3. HP: 28/28 MP: 1/6
  1472 | D:2      | HP: 1/28 [poisoned by an adder]
  1480 | D:2      | Succumbed to an adder's poison

Vault maps used:
D:1:      lightli_arrival_statue_moat, minmay_pentomino_u4
D:2:      okawaru_ov_weapons_minmay

Skill      XL: |  1  2 |
---------------+-------+-----
Dodging        | 2 |  2.1
Fighting       | |  1.4
Unarmed Combat | |  3.6
Spellcasting   | |  2.2
Transmutations | |  2.2

Action                   || total
-------------------------++-------
Melee: Unarmed           ||    54
       Tailslap          ||    13
       Mace              ||    62
       Kick              ||     2
 Cast: Sticks to Snakes  ||     3
       Beastly Appendage ||     1
  Use: Scroll            ||     5
       Potion            ||     1
  Eat: Chunk             ||     2
Armor: Skin              ||    44
Dodge: Dodged            ||   117
